 Dungeon Crawl Stone Soup version 0.27-a0-242-ge0fc76b88b (webtiles) character file.

Game seed: 5852645249285337697

2263 tilp the Covert (level 9, -2/74 HPs)
             Began as a Gnoll Delver on Feb 2, 2021.
             Slain by a two-headed ogre
             ... wielding a +0 giant club
              (4 damage)
             ... on level 7 of the Dungeon.
             The game lasted 00:13:50 (6967 turns).

tilp the Covert (Gnoll Delver)                      Turns: 6967, Time: 00:13:51

Health: -2/74      AC: 15    Str:  9    XL:     9   Next: 38%
Magic:  15/15      EV:  6    Int: 12    God:
Gold:   428        SH:  5    Dex: 15    Spells: 16/16 levels left

rFire    . . .     SeeInvis .   M - +4 war axe
rCold    . . .     Faith    .   (no shield)
rNeg     . . .     Spirit   .   v - +1 chain mail
rPois    .         Reflect  +   I - +1 helmet "Itiywuma" {Regen+ rCorr Str-2 Slay+4}
rElec    .         Harm     .   F - +2 cloak
rCorr    +         Rampage  .   (no gloves)
Will     .....                  (no boots)
Stlth    +++.......             A - amulet of reflection
HPRegen  0.62/turn              t - ring of stealth
MPRegen  0.14/turn              L - ring of wizardry

@: no status effects
A: distributed training, fangs 1, strong nose
a: no special abilities


You were on level 7 of the Dungeon.
You visited 1 branch of the dungeon, and saw 7 of its levels.
You also visited: Ossuary.

You collected 428 gold pieces.

Inventory:

Hand Weapons
 a - a +3 vampiric hand axe
 b - a +0 mace
 x - a +1 spear of venom
 G - a +0 vorpal war axe
 M - a +4 war axe (weapon)
Missiles
 f - 2 throwing nets
 k - 13 poisoned darts (quivered)
 n - 99 arrows
 o - 62 sling bullets
 w - 7 curare-tipped darts
 B - 193 stones
 C - 62 bolts
 N - 7 boomerangs
Armour
 c - a +2 robe of fire resistance
 v - a +1 chain mail (worn)
 F - a +2 cloak (worn)
 I - the +1 helmet "Itiywuma" (worn) {Regen+ rCorr Str-2 Slay+4}
   (You took it off Robin on level 4 of the Dungeon)

   It affects your strength (-2).
   It affects your accuracy and damage with ranged weapons and melee attacks
   (+4).
   It increases your rate of regeneration.
   It provides partial protection from all sources of acid and corrosion.
Jewellery
 t - a ring of stealth (left hand)
 u - an uncursed ring of magical power
 y - an uncursed ring of see invisible
 A - an amulet of reflection (around neck)
 L - a ring of wizardry (right hand)
Wands
 g - a wand of digging (3)
 D - a wand of paralysis (7)
 K - a wand of polymorph (11)
Scrolls
 d - a scroll of immolation
 e - 4 scrolls of teleportation
 j - 2 scrolls of fear
 m - 4 scrolls of remove curse
 r - 3 scrolls of fog
 s - a scroll of enchant weapon
 E - a scroll of amnesia
Potions
 h - 2 potions of cancellation
 i - 5 potions of curing
 l - 2 potions of magic
 p - 3 potions of ambrosia
 q - a potion of brilliance {unknown}
 z - a potion of invisibility {unknown}
 H - 2 potions of lignification
 J - a potion of attraction {unknown}
 P - a potion of haste
 Q - a potion of mutation {unknown}
 R - 2 potions of flight {unknown}
 S - a potion of degeneration {unknown}


   Skills:
 + Level 7.8 Fighting
 + Level 4.2 Short Blades
 + Level 4.2 Long Blades
 + Level 4.2 Axes
 + Level 6.3 Maces & Flails
 + Level 4.2 Polearms
 + Level 4.2 Staves
 + Level 4.2 Slings
 + Level 4.2 Bows
 + Level 4.2 Crossbows
 + Level 4.2 Throwing
 + Level 4.2 Armour
 + Level 6.3 Dodging
 + Level 10.4 Stealth
 + Level 4.2 Shields
 + Level 4.2 Unarmed Combat
 + Level 4.2 Spellcasting
 + Level 3.4 Conjurations
 + Level 3.4 Hexes
 + Level 3.4 Summonings
 + Level 3.4 Necromancy
 + Level 3.4 Translocations
 + Level 3.4 Transmutations
 + Level 3.4 Fire Magic
 + Level 3.4 Ice Magic
 + Level 3.4 Air Magic
 + Level 3.4 Earth Magic
 + Level 3.4 Poison Magic
 + Level 4.6 Invocations
 + Level 4.2 Evocations


You had 16 spell levels left.
You didn't know any spells.
Your spell library was empty.

Dungeon Overview and Level Annotations

Branches:
Dungeon (7/15)             Temple (0/1) D:7         Ossuary (visited)

Altars:
Ashenzari
Gozag
Nemelex Xobeh
Okawaru
Ru
Sif Muna
Vehumet
The Shining One

Annotations:
D:1 fly vault
D:4 1 runed translucent door (Yiuf, RP+ cloak), Crazy Yiuf
D:5 1 runed translucent door, SamuraiZach's ghost, novice TrWn


Innate Abilities, Weirdness & Mutations

Your experience applies equally to all skills.
You have very sharp teeth.
Your uncanny sense of smell can sniff out nearby items.


Message History

The two-headed ogre hits you with a +0 giant club!
The two-headed ogre hits you with a +0 giant spiked club!
* * * LOW HITPOINT WARNING * * *
Unknown command.
You hit the two-headed ogre.
The two-headed ogre is heavily wounded.
You closely miss the worker ant. The worker ant bites you.
* * * LOW HITPOINT WARNING * * *
The two-headed ogre hits you with a +0 giant club.
* * * LOW HITPOINT WARNING * * *
You block the two-headed ogre's attack.
The worker ant bites you but does no damage.
You hit the two-headed ogre.
The two-headed ogre is severely wounded.
You barely miss the worker ant.
The worker ant bites you but does no damage.
The two-headed ogre hits you with a +0 giant club!!
* * * LOW HITPOINT WARNING * * *
The two-headed ogre hits you with a +0 giant spiked club.
You die...

####### ******** #.....# *,,,,,,*
####### #.....# *,****,* ......#
#.....# *,* *,*
#####.########.....### *,* *,*
####..#..............###,****,***
.................Z......,,,,,>,,,
####.##[#...#...@O.((..#******,**
#.##.#.#.#....B..#..#******,**
####.##.#.#.#.##....#,,,,,,,,,,**
..........#.#.#######,***,,,,,,,,
#########.#<#..∆,,,,,,***+*******
,,,* #..####*,,,,,,*,,,,,,,*
**,*****#....[#*,,,,,,*,,,,,,,*
,,,......#.†#.#*,,,,,,*,,,,,,,*
**,#####.##.#,#*,,,,,,,,,,,,*,*


You could see a two-headed ogre (very poisoned), a worker ant and a water
moccasin skeleton.

Vanquished Creatures
  Grinder (D:4)
  Menkaure (D:6)
  An ogre (D:6)
  2 sky beasts
  A phantom (D:5)
  7 elf zombies (Ossuary)
  Blork the orc (D:5)
  A bullfrog (D:2)
  A water moccasin skeleton (D:6)
  A scorpion (D:4)
  4 centaur zombies (Ossuary)
  6 hounds
  An orc priest (D:3)
  A human zombie (Ossuary)
  Jessica (D:2)
  3 iguanas
  5 worker ants
  3 mummies (Ossuary)
  Robin (D:4)
  4 gnolls (D:5)
  10 adders
  2 shadow imps
  A white imp (D:5)
  An ooze (D:4)
  An adder zombie (D:6)
  3 adder skeletons
  A worm (D:3)
  4 dart slugs
  4 leopard geckos
  12 orcs
  3 giant cockroaches
  14 goblins
  7 hobgoblins
  12 jackals
  4 kobolds
  4 quokkas
  A ball python (D:3)
  3 bats
  4 frilled lizards
  A jackal zombie (D:6)
  A quokka skeleton (D:4)
  A quokka zombie (D:6)
  3 rats
143 creatures vanquished.

Notes
Turn   | Place    | Note
-------+----------+-------------------------------------------
     0 | D:5      | Reached skill level 9 in Stealth
     0 | D:5      | tilp the Gnoll Delver began the quest for the Orb.
     0 | D:5      | Reached XP level 1. HP: 23/23 MP: 1/1
    55 | D:5      | Noticed Blork the orc
    79 | D:5      | Noticed a hound
   109 | D:5      | Noticed a worker ant
   117 | D:4      | Noticed a scorpion
   149 | D:3      | HP: 1/23 [shadow imp (3)]
   160 | D:3      | Reached XP level 2. HP: 22/29 MP: 2/2
   233 | D:2      | Noticed Jessica
   240 | D:2      | Killed Jessica
   241 | D:2      | Reached skill level 1 in Invocations
   241 | D:2      | Reached XP level 3. HP: 22/35 MP: 2/4
   520 | D:2      | Reached skill level 1 in Short Blades
   520 | D:2      | Reached skill level 1 in Long Blades
   520 | D:2      | Reached skill level 1 in Axes
   520 | D:2      | Reached skill level 1 in Polearms
   520 | D:2      | Reached skill level 1 in Staves
   520 | D:2      | Reached skill level 1 in Slings
   520 | D:2      | Reached skill level 1 in Bows
   520 | D:2      | Reached skill level 1 in Crossbows
   520 | D:2      | Reached skill level 1 in Throwing
   520 | D:2      | Reached skill level 1 in Armour
   520 | D:2      | Reached skill level 1 in Shields
   520 | D:2      | Reached skill level 1 in Unarmed Combat
   520 | D:2      | Reached skill level 1 in Spellcasting
   520 | D:2      | Reached skill level 1 in Evocations
   707 | D:2      | Noticed a bullfrog
   752 | D:2      | Killed a bullfrog
   753 | D:2      | Reached skill level 1 in Conjurations
   753 | D:2      | Reached skill level 1 in Hexes
   753 | D:2      | Reached skill level 1 in Summonings
   753 | D:2      | Reached skill level 1 in Necromancy
   753 | D:2      | Reached skill level 1 in Translocations
   753 | D:2      | Reached skill level 1 in Transmutations
   753 | D:2      | Reached skill level 1 in Fire Magic
   753 | D:2      | Reached skill level 1 in Ice Magic
   753 | D:2      | Reached skill level 1 in Air Magic
   753 | D:2      | Reached skill level 1 in Earth Magic
   753 | D:2      | Reached skill level 1 in Poison Magic
   753 | D:2      | Reached XP level 4. HP: 26/41 MP: 5/5
   753 | D:2      | Reached XP level 5. HP: 30/47 MP: 6/6
  2227 | D:3      | Found an iron altar of Okawaru.
  2386 | D:3      | Found a faded altar of an unknown god.
  2641 | D:3      | Reached XP level 6. HP: 42/53 MP: 8/8
  3245 | D:4      | Reached skill level 5 in Maces & Flails
  3245 | D:4      | Reached skill level 5 in Dodging
  3268 | D:4      | Identified the +1 helmet "Itiywuma" {Regen+ rCorr Str-2
                  | Slay+4}
  3268 | D:4      | Noticed Robin
  3269 | D:4      | Noticed Grinder
  4102 | D:4      | Found a runed translucent door.
  4103 | D:4      | Noticed Crazy Yiuf
  4195 | D:4      | Reached XP level 7. HP: 50/59 MP: 10/10
  4556 | D:4      | Killed Robin
  4620 | D:4      | Paralysed by Grinder for 7 turns
  4653 | D:4      | Paralysed by Grinder for 6 turns
  4661 | D:4      | Killed Grinder
  4790 | D:4      | Found a glowing golden altar of the Shining One.
  4983 | D:5      | Reached skill level 10 in Stealth
  5274 | D:5      | Reached XP level 8. HP: 64/67 MP: 12/12
  5478 | D:5      | Killed Blork the orc
  5641 | D:5      | Noticed SamuraiZach's ghost (novice TrWn)
  5642 | D:5      | Found a runed translucent door.
  5740 | D:5      | Found a sparkling altar of Nemelex Xobeh.
  5747 | D:5      | Found a shimmering blue altar of Sif Muna.
  5747 | D:5      | Found a sacrificial altar of Ru.
  5760 | D:5      | Found a broken altar of Ashenzari.
  5763 | D:5      | Found a radiant altar of Vehumet.
  5934 | D:6      | Noticed Menkaure
  5940 | D:6      | Killed Menkaure
  6195 | D:6      | Found an opulent altar of Gozag.
  6718 | D:7      | Found a sand-covered staircase.
  6725 | Ossuary  | Entered an ossuary
  6740 | Ossuary  | Reached XP level 9. HP: 59/72 MP: 14/14
  6958 | D:7      | Noticed a two-headed ogre
  6967 | D:7      | HP: 2/74 [two-headed ogre/+0 giant club (18)]
  6967 | D:7      | Slain by a two-headed ogre

Illustrated notes

Levels and vault maps discovered:
D:1:      lemuel_arrival_lava_pool, layout_basic, minmay_misc_feat_square
D:2:      layout_basic, uniq_jessica
D:3:      layout_loops_ring, chequers_ecumenical_altar_island,
          okawaru_ov_weapons_minmay
D:4:      layout_loops_ring, nicolae_tso_carved_into_rock,
          uniq_crazy_yiuf_cottage, uniq_grinder, uniq_robin
D:5:      layout_loops_ring, minmay_overflow_temple_star_hex,
          ebering_ghost_inner_flame, uniq_blork_the_orc
D:6:      layout_loops_ring, nicolae_overflow_hidden_temple, grunt_ministairs_5,
          uniq_menkaure
D:7:      layout_basic, demons_altar, minmay_temple_entry_hall, serial_shops,
          nicolae_shop_behind_doors, nicolae_ossuary_entry_monument,
          grunt_qazlal_clouds

Skill      XL: |  1  2  3  4  5  6  7  8  9 |
---------------+----------------------------+-----
Stealth        | 10 | 10.4
Invocations    | 1 2 3 4 |  4.6
Short Blades   | 1 2 3 4 |  4.2
Long Blades    | 1 2 3 4 |  4.2
Axes           | 1 2 3 4 |  4.2
Polearms       | 1 2 3 4 |  4.2
Staves         | 1 2 3 4 |  4.2
Slings         | 1 2 3 4 |  4.2
Bows           | 1 2 3 4 |  4.2
Crossbows      | 1 2 3 4 |  4.2
Throwing       | 1 2 3 4 |  4.2
Armour         | 1 2 3 4 |  4.2
Shields        | 1 2 3 4 |  4.2
Unarmed Combat | 1 2 3 4 |  4.2
Spellcasting   | 1 2 3 4 |  4.2
Evocations     | 1 2 3 4 |  4.2
Conjurations   | 1 2 3 |  3.4
Hexes          | 1 2 3 |  3.4
Summonings     | 1 2 3 |  3.4
Necromancy     | 1 2 3 |  3.4
Translocations | 1 2 3 |  3.4
Transmutations | 1 2 3 |  3.4
Fire Magic     | 1 2 3 |  3.4
Ice Magic      | 1 2 3 |  3.4
Air Magic      | 1 2 3 |  3.4
Earth Magic    | 1 2 3 |  3.4
Poison Magic   | 1 2 3 |  3.4
Maces & Flails | 5 6 |  6.3
Dodging        | 5 6 |  6.3
Fighting       | 7 |  7.8

Action                   |  1- 3 |  4- 6 |  7- 9 || total
-------------------------+-------+-------+-------++-------
Melee: Mace              |    46 |   117 |       ||   163
       Bite              |     4 |    20 |    26 ||    50
       Punch             |       |     1 |     5 ||     6
       Hand axe          |       |   119 |   122 ||   241
       War axe           |       |       |   156 ||   156
Throw: Stone             |     6 |       |       ||     6
       Dart              |     3 |    27 |    16 ||    46
  Use: Scroll            |     3 |     5 |     7 ||    15
       Potion            |     3 |       |     2 ||     5
 Stab: Sleeping          |     3 |     4 |     9 ||    16
       Distracted        |       |     1 |     1 ||     2
Armor: Leather armour    |     2 |       |       ||     2
       Robe              |     6 |     6 |       ||    12
       Chain mail        |       |   120 |   149 ||   269
Dodge: Dodged            |    34 |    81 |    56 ||   171
Block: Other             |       |    18 |    49 ||    67

Table legend: (Time is in decaauts)
 A = Elapsed time spent in this place.
 B = Non-inter-level travel time spent in this place.
 C = Inter-level travel time spent in this place.
 D = Time resting spent in this place.
 E = Time spent auto-exploring this place.
 F = Levels seen in this place.
 G = Mean time per level.
                   A        B        C        D        E       F      G
               +--------+--------+--------+--------+--------+-----+--------+
         Total |   7057 |   6648 |    409 |    943 |   4054 |   8 |  882.1 |
       Dungeon |   6829 |   6420 |    409 |    943 |   4000 |   7 |  975.6 |
       Ossuary |    228 |    228 |      0 |      0 |     54 |   1 |  228.0 |
               +--------+--------+--------+--------+--------+-----+--------+

Top non-repeatable levels by time:
     D:4: 1601 daAuts
     D:3: 1350 daAuts
     D:2: 1244 daAuts
     D:5: 1053 daAuts
     D:6: 807 daAuts
     D:1: 697 daAuts
 Ossuary: 228 daAuts
     D:7: 75 daAuts
